 Dungeon Sprint DCSS version 0.17-a0-1805-g6093636 (webtiles) character file.

55 nuthulu the Skirmisher (level 3, -4/39 HPs)
             Began as a Gargoyle Berserker on Sept 12, 2015.
             Was a Priest of Trog.
             Slain by a wolf (8 damage)
             ... in the Dungeon (Sprint III: "The Ten Rune Challenge").
             The game lasted 00:00:44 (283 turns).

nuthulu the Skirmisher (Gargoyle Berserker)          Turns: 283, Time: 00:00:45

Health: -4/39      AC:  7    Str: 25    XL:     3   Next: 93%
Magic:  3/3        EV: 12    Int:  7    God:    Trog [***...]
Gold:   11         SH:  0    Dex: 10    Spells: 0 memorised, 2 levels left

rFire  . . .     SeeInvis .     a - +0 mace
rCold  . . .     Clarity  .     j - +2 robe {MR+}
rNeg   + . .     SustAt   .     (no shield)
rPois  ∞         Gourm    .     (no helmet)
rElec  +         Spirit   .     (no cloak)
rCorr  .         Warding  .     (no gloves)
rMut   .         NoTele   +     (no boots)
MR     +....                    (no amulet)
Stlth  ..........               (no ring)
                                (no ring)

@: berserking, very quick, somewhat resistant to hostile enchantments, extremely
unstealthy
A: negative energy resistance 1, electricity resistance, unbreathing,
petrification resistance, rot immunity, AC +3
a: Burn Spellbooks, Berserk, Trog's Hand, Renounce Religion


You were in the Dungeon.
You worshipped Trog.
Trog was most pleased with you.
You were not hungry.

You visited 1 branch You collected 11 gold pieces.

Inventory:

Hand weapons
 a - a +0 mace (weapon)
Armour
 b - a +0 animal skin
 j - a +2 robe of magic resistance (worn)
Scrolls
 i - a scroll of blinking
Potions
 d - a potion of curing
 e - a potion of heal wounds
 f - a potion of haste
 g - 2 potions of magic
 h - a potion of berserk rage
Comestibles
 c - a bread ration
 k - 4 chunks of flesh


   Skills:
 + Level 5.2 Fighting
 + Level 4.6 Maces & Flails
 + Level 4.5 Armour
 + Level 3.3 Dodging


You had 2 spell levels left.
You didn't know any spells.

Dungeon Overview and Level Annotations

Branches:
Dungeon (1/1)

Altars:


Innate Abilities, Weirdness & Mutations

You are resistant to torment.
Your stone body is resilient (AC +3).
You are immune to poison.
You resist negative energy.
You are resistant to electric shocks.
You can survive without breathing.
You are immune to petrification.
You are immune to rotting.


Message History

You start waiting.
You feel less exhausted.
A wolf comes into view.
The wolf howls!
The wolf misses you. The wolf barely misses you.
You closely miss the wolf. The wolf bites you.
The wolf bites you but does no damage.
You closely miss the wolf. The wolf bites you but does no damage.
You miss the wolf. The wolf bites you! The wolf bites you.
You hit the wolf but do no damage. The wolf bites you. The wolf misses you.
You hit the wolf.
The wolf is heavily wounded.
The wolf barely misses you. The wolf bites you.
* * * LOW HITPOINT WARNING * * *
The wolf barely misses you.
Use which ability?
A red film seems to cover your vision as you go berserk!
You feel yourself moving faster!
You feel mighty!
You feel somewhat more hungry. The wolf bites you!
You die...

▓..##.......#,,*,.#,,,*,,,*,
▓##.##.##...#,,*,.#**+*+***+
##.##.###..#*+*..#,,,,,,,,,
▓#.####.##..#**...+,⌠,,,,,,,
▓.###..##.÷##*#...#,,,******
▓#.....##..#*#....#,⌠,*__*,,
###..##...##.....#,,,*__*,,
##..##....#h.....#+***__*,,
#..###..##@#.....#,,,*__*,,
#..# #..*####....#___*_,+,,
▓▓▓▓*▓▓▓*****▓▓▓▓▓*********
*,,,+≈,≈≈≈≈≈≈≈**,,,,,****≈≈
*,,,*≈≈,≈≈≈,≈≈**,≈≈≈≈+**+*≈
*,,,*≈≈≈,≈≈,≈≈≈+,,,,,*,≈***
*,,,*≈≈≈,≈≈≈,≈********,,**
*,,,*≈≈≈≈≈≈≈≈≈* ***+**
***+****+******** ****,**


You could see a wolf.

Vanquished Creatures
  Jessica (D)
  A human (D)
  2 oozes (D)
  A rat (D)
5 creatures vanquished.

Vanquished Creatures (others)
  2 draconian scorchers (D)
  A yaktaur (D)
3 creatures vanquished.

Grand Total: 8 creatures vanquished

Notes
Turn   | Place    | Note
--------------------------------------------------------------
     0 | D        | nuthulu the Gargoyle Berserker began the quest for the Orb.
     0 | D        | Reached XP level 1. HP: 14/14 MP: 1/1
    17 | D        | Acquired Trog's second power
    17 | D        | Reached skill level 4 in Fighting
    17 | D        | Reached XP level 2. HP: 16/20 MP: 2/2
    35 | D        | Killed a yaktaur
    79 | D        | Noticed Jessica
    86 | D        | Killed Jessica
    86 | D        | Reached XP level 3. HP: 15/25 MP: 3/3
   175 | D        | Killed a white draconian scorcher
   187 | D        | Killed a white draconian scorcher
   220 | D        | Reached skill level 5 in Fighting
   275 | D        | Noticed a wolf
   283 | D        | Slain by a wolf

Vault maps used:
D:        dungeon_sprint_mu

Action                   || total
-------------------------++-------
Melee: Mace              ||    23
Invok: Berserk           ||     2
  Use: Scroll            ||     1
